 Dungeon Crawl Stone Soup version 0.19-a0-406-ge21436e (webtiles) character file.

75 MrRokkomies the Ruffian (level 4, 45/45 HPs)
             Began as a Troll Monk on May 31, 2016.
             Was a Believer of Vehumet.
             Quit the game on level 3 of the Dungeon.
             The game lasted 00:04:02 (1627 turns).

MrRokkomies the Ruffian (Troll Monk)                Turns: 1627, Time: 00:04:02

Health: 45/45      AC:  6    Str: 19    XL:     4   Next: 11%
Magic:  11/12      EV: 10    Int:  6    God:    Vehumet [**....]
Gold:   100        SH:  0    Dex: 13    Spells: 1 memorised, 2 levels left

rFire  . . .     SeeInvis .       - Unarmed
rCold  + . .     Gourm    +     a - +0 robe
rNeg   . . .     Faith    .     (no shield)
rPois  .         Spirit   .     (helmet restricted)
rElec  .         Dismiss  .     c - +0 cloak
rCorr  .         Reflect  .     (gloves unavailable)
SustAt .         Harm     .     (boots unavailable)
MR     .....                    (no amulet)
Stlth  +.........               p - ring of magical power
                                h - ring of protection from cold

@: not resistant to hostile enchantments, very unstealthy
A: unfitting armour, claws 3, fast metabolism 3, gourmand, regeneration 2,
shaggy fur 1, tough skin 2
a: Renounce Religion


You were on level 3 of the Dungeon.
You worshipped Vehumet.
Vehumet was pleased with you.
You were not hungry.

You visited 1 branch of the dungeon, and saw 3 of its levels.

You collected 100 gold pieces.

Inventory:

Missiles
 g - 5 tomahawks (quivered)
Armour
 a - a +0 robe (worn)
 c - a +0 cloak (worn)
Jewellery
 h - a ring of protection from cold (left claw)
 p - a ring of magical power (right claw)
Scrolls
 e - 2 scrolls of identify
 i - a scroll of remove curse
 j - 2 scrolls of teleportation {unknown}
 l - a scroll of amnesia
Potions
 d - a potion of ambrosia
 f - a potion of mutation
 n - a potion of curing {unknown}
 o - a potion of lignification {unknown}
Comestibles
 b - 3 bread rations
 k - a slice of pizza
 m - a meat ration


   Skills:
 * Level 3.4 Fighting
 - Level 2.4 Dodging
 - Level 1.1 Stealth
 * Level 4.8 Unarmed Combat


You had 2 spell levels left.
You knew the following spells:

 Your Spells              Type           Power        Failure   Level  Hunger
a - Sting                 Conj/Pois      #...         52%         1    ##.....


Dungeon Overview and Level Annotations

Branches:
Dungeon (3/15)

Altars:
Fedhas
Gozag
Vehumet


Innate Abilities, Weirdness & Mutations

You are too large for most types of armour.
You have claws for hands.
Your metabolism is lightning-fast.
You like to eat raw meat.
You heal very quickly.
You are covered in fur. (AC +1)
You have very tough skin. (AC +2)


Message History

Vehumet accepts your kill.
Vehumet offers you knowledge of Magic Dart.
You feel your power returning.
A bat is nearby!
The bat barely misses you.
You barely miss the bat. The bat misses you.
The bat hits you but does no damage. The bat barely misses you.
The bat closely misses you. The bat hits you but does no damage.
The bat hits you but does no damage.
Things that are here:
a bat corpse; a rat corpse The bat hits you but does no damage. x2
You claw the bat!
You kill the bat!
Vehumet accepts your kill.
No target in view!
No target in view!
Are you sure you want to abandon this character and quit the game? (Confirm with "yes".)

# ##...# ######...# .. ..#.
....# ###.. # #.##.#.###...
####. #.#...........# #....
##.#...........#### #.#..
..................# #....
...............##.####
#...8 #..........(.)##....#
#..8.
#..P.P...†@..######.###.8)_
#..._........#...........8.
#..P.P.........####.##....8
#............### #.##.....
#..######.##### #.##....#
#. #.# #.####### # #.#
########.# #.# #........#
#.# #........#


There were no monsters in sight!

Vanquished Creatures
  An adder (D:2)
  2 worms
  3 dart slugs
  3 giant geckos
  10 bats
  8 goblins
  5 hobgoblins
  3 jackals (D:3)
  5 giant newts
  4 kobolds
  10 rats
54 creatures vanquished.

Notes
Turn   | Place    | Note
--------------------------------------------------------------
     0 | D:1      | MrRokkomies the Troll Monk began the quest for the Orb.
     0 | D:1      | Reached XP level 1. HP: 22/22 MP: 0/0
   173 | D:1      | Reached XP level 2. HP: 28/29 MP: 1/1
   805 | D:1      | Reached XP level 3. HP: 36/36 MP: 2/2
  1103 | D:2      | Found an opulent altar of Gozag.
  1474 | D:3      | Reached XP level 4. HP: 45/45 MP: 3/3
  1585 | D:3      | Found a faded altar of an unknown god.
  1595 | D:3      | Became a worshipper of Vehumet
  1595 | D:3      | Reached * piety under Vehumet
  1595 | D:3      | Offered knowledge of Sting by Vehumet.
  1595 | D:3      | Reached ** piety under Vehumet
  1597 | D:3      | Learned a level 1 spell: Sting
  1611 | D:3      | Found a blossoming altar of Fedhas.
  1614 | D:3      | Offered knowledge of Magic Dart by Vehumet.
  1627 | D:3      | Quit the game

Vault maps used:
D:1:      dpeg_arrival_ratfight
D:2:      grunt_gozag_breadcrumbs
D:3:      minmay_overflow_temple_star_quad, ecumenical_altar_2, first_bread,
          kennysheep_big_empty_room, fedhas_altar_1, uniq_robin

Skill      XL: |  1  2  3 |
---------------+----------+-----
Fighting       | 3 |  3.4
Dodging        | |  2.4
Stealth        | |  1.1
Unarmed Combat | |  4.8

Action                   |  1- 3 |  4- 6 || total
-------------------------+-------+-------++-------
Melee: Unarmed           |   106 |    11 ||   117
       Punch             |     2 |       ||     2
Throw: Tomahawk          |     1 |       ||     1
  Use: Scroll            |     7 |       ||     7
 Stab: Sleeping          |     5 |       ||     5
  Eat: Chunk             |    15 |       ||    15
Armor: Robe              |    27 |     6 ||    33
Dodge: Dodged            |    48 |     8 ||    56
